 Dungeon Crawl Stone Soup version 0.28-a0-1429-gf3d713df7a (webtiles) character file.

Game seed: 3519115121005406615

20113 Deminshera the Fighter (level 12, -9/67 HPs)
             Began as a Vine Stalker Brigand on Jan 8, 2022.
             Was a Follower of Uskayaw.
             Shot with an arrow by Nessos (10 damage)
             ... on level 13 of the Dungeon.
             The game lasted 00:23:41 (15026 turns).

Deminshera the Fighter (Vine Stalker Brigand)      Turns: 15026, Time: 00:23:42

Health: -9/67      AC: 15    Str: 16    XL:     12   Next: 76%
Magic:  0/19       EV: 18    Int: 15    God:    Uskayaw [*.....]
Gold:   1263       SH:  0    Dex: 19    Spells: 11/11 levels left

rFire   . . .      SeeInvis .   i - +2 dagger (elec)
rCold   . . .      Faith    .   (no shield)
rNeg    + . .      Spirit   +   r - +5 ring mail of Good Intentions {rPois rN+ Will+ Int+4}
rPois   +          Reflect  .   (no helmet)
rElec   .          Harm     .   c - +0 cloak
rCorr   .          Rampage  .   L - +2 pair of gloves
Will    ++...                   D - +0 pair of boots
Stlth   ++++......              (no amulet)
HPRegen 1.01/turn               v - ring of poison resistance
MPRegen 0.16/turn               C - +4 ring of evasion

@: lethally poisoned (-9 -> -18)
A: fangs 3, regeneration 1, magic shield, antimagic bite, no potion heal 2
a: Renounce Religion, Stomp


You were on level 13 of the Dungeon.
You worshipped Uskayaw.
Uskayaw was aware of your devotion.
You visited 2 branches of the dungeon, and saw 14 of its levels.

You collected 1263 gold pieces.

Inventory:

Hand Weapons
 i - a +2 dagger of electrocution (weapon)
 l - a +3 dagger
 u - a +3 short sword of flaming
 N - a +4 dagger of chaos
Missiles
 d - 41 poisoned darts (quivered)
 e - 3 curare-tipped darts
 t - 6 throwing nets
Armour
 c - a +0 cloak (worn)
 r - the +5 ring mail of Good Intentions (worn) {rPois rN+ Will+ Int+4}
   (You found it on level 12 of the Dungeon)

   Int:       It affects your intelligence (+4).
   rPois:     It protects you from poison.
   rN:        It protects you from negative energy.
   Will:      It increases your willpower.
 D - a +0 pair of boots (worn)
 L - a +2 pair of gloves (worn)
Jewellery
 f - a +4 ring of evasion
 n - a ring of resist corrosion
 v - a ring of poison resistance (left hand)
 C - a +4 ring of evasion (right hand)
 E - a ring of see invisible
 G - a ring of ice
Wands
 m - a wand of polymorph (22)
 I - a wand of iceblast (4)
 S - a wand of flame (14)
Scrolls
 j - a scroll of torment
 p - 2 scrolls of enchant armour
 q - 2 scrolls of teleportation
 y - 3 scrolls of vulnerability
 A - a scroll of brand weapon
 H - a scroll of fog
Potions
 a - 5 potions of curing
 g - 2 potions of might
 h - 4 potions of ambrosia
 k - 2 potions of heal wounds
 s - a potion of haste
 w - a potion of magic
 x - a potion of attraction
 z - a potion of resistance {unknown}
 B - a potion of cancellation
 J - a potion of brilliance {unknown}
 K - a potion of lignification
 M - 2 potions of mutation
Miscellaneous
 R - a tin of tremorstones (2/2)


   Skills:
 + Level 10.2 Fighting
 + Level 8.3 Short Blades
 - Level 3.0 Throwing
 - Level 7.0 Dodging
 + Level 8.6 Stealth
 - Level 8.0 Invocations
 - Level 8.0 Evocations


You had 11 spell levels left.
You didn't know any spells.
Your spell library contained the following spells:

 Spells                   Type           Power      Damage    Failure   Level
 Shock                    Conj/Air       0%         1d3       45%         1
 Blink                    Tloc           0%         N/A       61%         2
 Ensorcelled Hibernation  Hex/Ice        0%         N/A       61%         2
 Passwall                 Tmut/Erth      0%         N/A       61%         2
 Ignite Poison            Fire/Tmut/Pois 0%         N/A       83%         3
 Lesser Beckoning         Tloc           0%         N/A       83%         3
 Mephitic Cloud           Conj/Pois/Air  0%         N/A       83%         3
 Swiftness                Air            0%         N/A       83%         3
 Tukima's Dance           Hex            0%         N/A       83%         3
 Airstrike                Air            0%         N/A       99%         4
 Freezing Cloud           Conj/Ice/Air   0%         6-21      100%        5
 Manifold Assault         Tloc           0%         N/A       100%        5
 Enfeeble                 Hex            0%         N/A       100%        7


Dungeon Overview and Level Annotations

Branches:
Dungeon (13/15)            Temple (1/1) D:4            Lair (0/6) D:11
    Orc (0/2) D:10
 Vaults: D:13-14

Altars:
Ashenzari
Dithmenos
Elyvilon
Fedhas
Gozag
Kikubaaqudgha
Nemelex Xobeh
Qazlal
Ru
Sif Muna
Trog
Uskayaw
Vehumet
Xom
Zin
The Shining One

Annotations:
D:13 Nessos


Innate Abilities, Weirdness & Mutations

You have razor-sharp teeth.
Your natural rate of healing is unusually fast.
When hurt, damage is shared between your health and your magic reserves.
Your bite disrupts and absorbs the magic of your enemies.
Potions cannot restore your health.


Message History

Nessos mumbles some strange words.
Nessos blinks!
Nessos shoots an arrow.
The arrow hits you!! The arrow burns you.
Nessos shoots an arrow.
The arrow misses you.
Nessos mumbles some strange words.
Nessos blinks!
Nessos shoots an arrow.
The arrow hits you! The arrow burns you.
You are poisoned.
You feel very sick.
Nessos shoots an arrow.
The arrow misses you.
Okay, then.
You feel very sick.
Nessos mumbles some strange words.
Nessos seems to speed up.
Nessos shoots an arrow.
The arrow hits you!
* * * LOW HITPOINT WARNING * * *
The arrow burns you.
* * * LOW HITPOINT WARNING * * *
Blink to where?
Press: ? - help, Dir - move target
As you read the scroll of blinking, it crumbles to dust.
You feel very sick.
You feel sick.
You feel sick.
You feel sick.
Nessos shoots an arrow.
The arrow barely misses you.
You feel sick.
Nessos shoots an arrow.
The arrow hits you.
* * * LOW HITPOINT WARNING * * *
The arrow burns you.
You are more poisoned.
* * * LOW HITPOINT WARNING * * *
* * * LOW HITPOINT WARNING * * *
You feel very sick.
Nessos shoots an arrow.
The arrow hits you but does no damage.
You open the door.
* * * LOW HITPOINT WARNING * * *
You feel sick.
Nessos shoots an arrow.
The arrow hits you.
* * * LOW HITPOINT WARNING * * *
The arrow burns you.
You are more poisoned.
* * * LOW HITPOINT WARNING * * *
Nessos shoots an arrow.
The arrow hits you!
You die...

#.# ### #c#
#.. ##.###.#
##.>.##.#
#.....#.###
##........#
#.####.#.#.#.#
#.........#.#
#.####@#.###.#
##'#.# #.#
##....###.#
##.........#
#..<....####
#.........#
+.........+
#.........#
##.......##


You could see Nessos (fast).

Vanquished Creatures
  A stone giant (D:11)
  The ghost of Cisim the Protected, a journeyman FoDe of Uskayaw (D:11)
  Fannar (D:11)
  A boulder beetle (D:12)
  A centaur warrior (D:10)
  A deep troll (D:11)
  Pikel (D:5)
  A deep elf pyromancer (D:12)
  A deep elf zephyrmancer (D:10)
  2 cyclopes
  2 manticores
  Maurice (D:9)
  2 gargoyles (D:12)
  A rime drake (D:11)
  3 komodo dragons
  Psyche (D:9)
  2 freezing wraiths (D:11)
  A kobold demonologist (D:12)
  3 trolls
  3 slime creatures (D:13)
  3 vampires
  3 shadows
  A wyvern (D:9)
  3 humans (D:9)
  15 yaks
  A vampire mosquito (D:10)
  An acid dragon (D:11)
  A water moccasin (D:9)
  A swamp drake (D:10)
  A sky beast (D:6)
  6 orc warriors
  2 necrophages
  An ice beast (D:8)
  An ogre (D:5)
  6 centaurs
  4 lemures (D:5)
  A phantom (D:5)
  A kobold brigand (D:6)
  A gnoll sergeant (D:12)
  A scorpion (D:5)
  A water moccasin zombie (D:5)
  2 water moccasin skeletons
  9 killer bees
  3 howler monkeys
  4 centaur zombies
  3 bullfrog zombies
  2 hounds (D:5)
  2 jellies
  A gnoll shaman (D:5)
  7 orc priests
  A scorpion zombie (D:5)
  2 iguanas
  14 orc wizards
  A killer bee zombie (D:6)
  11 adders
  9 gnolls
  A howler monkey zombie (D:7)
  A shadow imp (D:8)
  An ufetubus (D:5)
  3 dart slugs
  44 orcs
  4 bats
  7 endoplasms
  A giant cockroach (D:3)
  5 goblins
  3 hobgoblins
  10 jackals
  8 kobolds
  2 quokkas
  6 ball pythons
  3 rats
255 creatures vanquished.

Vanquished Creatures (collateral kills)
  The ghost of flestrin the Thaumaturge, a journeyman DrCj of Sif Muna (D:11)
  A shadow (D:11)
2 creatures vanquished.

Vanquished Creatures (others)
  A deep elf pyromancer (D:12)
  A gargoyle (D:10)
  A freezing wraith (D:11)
  2 electric eels (D:13)
  8 bushes (D:10)
  2 plants (D:4)
15 creatures vanquished.

Grand Total: 272 creatures vanquished

Notes
Turn   | Place    | Note
-------+----------+-------------------------------------------
     0 | D:1      | Deminshera the Vine Stalker Brigand began the quest for the
                  | Orb.
     0 | D:1      | Reached XP level 1. HP: 11/11 MP: 2/2
    92 | D:1      | Reached skill level 5 in Stealth
   154 | D:1      | Reached skill level 2 in Fighting
   156 | D:1      | Reached XP level 2. HP: 15/15 MP: 3/3
   782 | D:1      | Reached XP level 3. HP: 8/18 MP: 2/4
  1857 | D:2      | Gained mutation: Your natural rate of healing is unusually
                  | fast. [Vine Stalker growth]
  1857 | D:2      | Reached XP level 4. HP: 23/23 MP: 5/5
  1880 | D:2      | Found a faded altar of an unknown god.
  2160 | D:2      | Reached skill level 3 in Fighting
  2160 | D:2      | Reached XP level 5. HP: 27/28 MP: 4/6
  3111 | D:4      | Found a glowing golden altar of the Shining One.
  3216 | D:4      | Found a radiant altar of Vehumet.
  3286 | D:4      | Found a staircase to the Ecumenical Temple.
  3303 | Temple   | Entered the Ecumenical Temple
  3343 | Temple   | Became a worshipper of Uskayaw the Reveller
  3405 | D:4      | Reached * piety under Uskayaw
  3409 | D:4      | Reached XP level 6. HP: 29/32 MP: 7/7
  3409 | D:4      | Reached ** piety under Uskayaw
  3518 | D:4      | Found a stormy altar of Qazlal.
  3837 | D:4      | Found a shimmering altar of Xom.
  3943 | D:5      | Entered Level 5 of the Dungeon
  4142 | D:5      | Reached *** piety under Uskayaw
  4144 | D:5      | Reached XP level 7. HP: 37/37 MP: 8/8
  4170 | D:5      | Reached skill level 4 in Fighting
  4209 | D:5      | Noticed Pikel
  4257 | D:5      | Killed Pikel
  4258 | D:5      | Reached skill level 5 in Short Blades
  4258 | D:5      | Gained mutation: You have razor-sharp teeth. [Vine Stalker
                  | growth]
  4258 | D:5      | Reached XP level 8. HP: 19/42 MP: 5/9
  4325 | D:5      | Reached skill level 5 in Fighting
  5072 | D:6      | Reached skill level 6 in Fighting
  5185 | D:6      | Found a shadowy altar of Dithmenos.
  5320 | D:6      | Reached XP level 9. HP: 11/49 MP: 3/10
  5516 | D:6      | Reached **** piety under Uskayaw
  6204 | D:7      | Found a glowing silver altar of Zin.
  6883 | D:8      | Reached skill level 7 in Fighting
  6925 | D:8      | Found a white marble altar of Elyvilon.
  7461 | D:8      | Found a broken altar of Ashenzari.
  7745 | D:9      | Reached skill level 8 in Fighting
  8023 | D:9      | Reached XP level 10. HP: 52/57 MP: 9/11
  8034 | D:9      | Reached skill level 9 in Fighting
  8189 | D:9      | You fall into a shaft and drop 2 floors!
  8310 | D:10     | Entered Level 10 of the Dungeon
  8526 | D:10     | Noticed a centaur warrior
  8526 | D:10     | Noticed a gargoyle
  8526 | D:10     | Noticed a stone giant
  8536 | D:10     | Found a bloodstained altar of Trog.
  8591 | D:10     | Reached skill level 10 in Fighting
  8591 | D:10     | Reached skill level 1 in Dodging
  8943 | D:9      | Noticed Psyche
  8949 | D:9      | Killed Psyche
  9249 | D:9      | Found an ancient bone altar of Kikubaaqudgha.
  9249 | D:9      | Found a blossoming altar of Fedhas.
  9299 | D:9      | Noticed Maurice
  9315 | D:9      | Killed Maurice
  9463 | D:9      | Reached skill level 5 in Dodging
 10210 | D:10     | Found a staircase to the Orcish Mines.
 10233 | D:10     | Reached skill level 1 in Invocations
 10233 | D:10     | Reached skill level 1 in Evocations
 10233 | D:10     | Reached XP level 11. HP: 63/63 MP: 12/12
 10364 | D:10     | Reached ***** piety under Uskayaw
 10678 | D:11     | Noticed Sonja
 10684 | D:11     | Noticed Sonja
 10684 | D:11     | Sonja changed into Sonja the rime drake
 10693 | D:11     | Killed Sonja the rime drake
 10903 | D:11     | Noticed a manticore
 10910 | D:11     | Killed a manticore
 11056 | D:11     | Found a runed translucent gate.
 11058 | D:11     | Found a runed translucent gate.
 11066 | D:11     | Found a staircase to the Lair.
 11085 | D:11     | Found a runed translucent gate.
 11092 | D:11     | Noticed flestrin's ghost (journeyman DrCj)
 11206 | D:11     | Noticed Fannar
 11222 | D:11     | Killed Fannar
 11775 | D:10     | Killed a centaur warrior
 11778 | D:10     | Reached skill level 5 in Invocations
 11845 | D:10     | Noticed a cyclops
 11848 | D:10     | Killed a cyclops
 11867 | D:10     | Reached skill level 5 in Evocations
 12020 | D:10     | Noticed a deep elf zephyrmancer
 12035 | D:10     | Killed a deep elf zephyrmancer
 12036 | D:10     | Noticed a deep troll
 12215 | D:11     | Killed a deep troll
 12216 | D:11     | Reached XP level 12. HP: 30/67 MP: 6/17
 12639 | D:11     | Killed a stone giant
 13021 | D:11     | Killed flestrin's ghost
 13351 | D:12     | Found a runed translucent gate.
 13351 | D:12     | Found a runed translucent gate.
 13351 | D:12     | Found a runed translucent gate.
 13351 | D:12     | Noticed Cisim's ghost (journeyman FoDe)
 13593 | D:11     | Killed Cisim's ghost
 13870 | D:12     | Identified the +5 ring mail of Good Intentions {rPois rN+
                  | Will+ Int+4}
 14588 | D:12     | Noticed a boulder beetle
 14614 | D:12     | Killed a boulder beetle
 15000 | D:13     | Noticed Nessos
 15026 | D:13     | HP: 2/67 [Nessos/arrow (2)]
 15026 | D:13     | Shot with an arrow by Nessos

Illustrated notes

Levels and vault maps discovered:
D:1:      lightli_arrival_statuegarden, layout_basic, solitary_fountain
D:2:      layout_basic, basic_ecumenical_altar
D:3:      layout_loops_corners
D:4:      layout_gridville, mainiacjoe_overflow_chevrons,
          overflow_temple_1_default, tso_metal_star, marbit_many_paths,
          minmay_temple_entry_drinking_statues, kennysheep_generic_room_14
D:5:      layout_gridville, uniq_pikel
D:6:      layout_layer_cave, mainiacjoe_overflow_boulevard, minivault_4
D:7:      layout_gridville, amcnicky_altar_gilded
D:8:      layout_loops_ring, mainiacjoe_overflow_alcove_2, old_standard_altar
D:9:      layout_irregular_city, grunt_temple_overflow_growth_and_decay,
          minmay_ruffians, uniq_maurice, uniq_psyche
D:10:     minmay_klotski, layout_basic, mainiacjoe_overflow_paths, erik_orc_1
D:11:     layout_layer_cave, lair_entry_dummy, gammafunk_ghost_spectres,
          uniq_fannar, uniq_sonja
D:12:     layout_basic, gammafunk_ghost_split, minmay_misc_feat_diagonals,
          kennysheep_generic_room_4
D:13:     layout_loops_corners, david_vaults_1, lemuel_freeze_loot_1,
          uniq_nessos, uniq_snorg
Temple:   jpeg_temple_clearing

Skill      XL: |  1  2  3  4  5  6  7  8  9 10 11 12 |
---------------+-------------------------------------+-----
Stealth        | 5 6 7 8 |  8.6
Fighting       | 2 3 4 6 8 10 | 10.2
Short Blades   | 2 3 5 6 8 |  8.3
Throwing       | 2 3 |  3.0
Dodging        | 5 7 |  7.0
Invocations    | 1 6 8 |  8.0
Evocations     | 1 5 8 |  8.0

Action                   |  1- 3 |  4- 6 |  7- 9 | 10-12 || total
-------------------------+-------+-------+-------+-------++-------
Melee: Dagger            |    66 |       |       |   373 ||   439
       Bite              |    12 |    31 |    94 |   236 ||   373
       Short sword       |     4 |    95 |   303 |   193 ||   595
       Punch             |     1 |       |     6 |     9 ||    16
Throw: Dart              |     1 |     5 |       |    22 ||    28
Invok: Stomp             |       |       |       |     1 ||     1
Evoke: Wand              |       |       |       |     9 ||     9
  Use: Scroll            |       |     5 |     3 |    18 ||    26
       Potion            |       |       |       |     2 ||     2
 Stab: Sleeping          |    10 |     9 |     7 |    11 ||    37
       Paralysed         |       |     1 |     8 |    20 ||    29
       Distracted        |       |       |     2 |     2 ||     4
       Confused          |       |       |       |     1 ||     1
Armor: Leather armour    |    24 |    20 |    62 |    81 ||   187
       Ring mail         |       |       |       |    15 ||    15
Dodge: Dodged            |    43 |    40 |   137 |   301 ||   521

Table legend: (Time is in decaauts)
 A = Elapsed time spent in this place.
 B = Non-inter-level travel time spent in this place.
 C = Inter-level travel time spent in this place.
 D = Time resting spent in this place.
 E = Time spent auto-exploring this place.
 F = Levels seen in this place.
 G = Mean time per level.
                   A        B        C        D        E       F      G
               +--------+--------+--------+--------+--------+-----+--------+
         Total |  14720 |  13850 |    870 |   2650 |   8295 |  14 | 1051.4 |
       Dungeon |  14669 |  13817 |    852 |   2650 |   8270 |  13 | 1128.4 |
        Temple |     51 |     33 |     18 |      0 |     25 |   1 |   51.0 |
               +--------+--------+--------+--------+--------+-----+--------+

Top non-repeatable levels by time:
    D:11: 2343 daAuts
     D:9: 1658 daAuts
    D:10: 1504 daAuts
    D:12: 1450 daAuts
     D:1: 1232 daAuts
     D:6: 1159 daAuts
     D:5: 1041 daAuts
     D:3: 948 daAuts
     D:2: 902 daAuts
     D:4: 793 daAuts
     D:8: 759 daAuts
     D:7: 756 daAuts
    D:13: 118 daAuts
  Temple: 51 daAuts
